 Dungeon Crawl Stone Soup version 0.30-a0-1082-g70414cbcbb (webtiles) character file.

Game seed: 12698278144210894770

123 jimonade the Chopper (level 5, -5/28 HPs)
             Began as a Vine Stalker Monk on Apr 16, 2023.
             Slain by a gnoll
             ... wielding a +0 halberd
              (12 damage)
             ... on level 3 of the Dungeon.
             The game lasted 00:03:58 (1816 turns).

jimonade the Chopper (Vine Stalker Monk)            Turns: 1816, Time: 00:03:59

Health: -5/28      AC:  5    Str: 15    XL:     5   Next: 7%
Magic:  0/6        EV: 12    Int: 10    God:
Gold:   133        SH:  0    Dex: 17    Spells: 4/4 levels left

rFire   . . .      SeeInvis .    a - +0 hand axe
rCold   . . .      Faith    .    d - orb {light}
rNeg    . . .      Spirit   +    j - +0 ring mail
rPois   .          Reflect  .    (no helmet)
rElec   .          Rampage  .    (no cloak)
rCorr   .                        (no gloves)
Will    .....                    (no boots)
Stlth   +                        (no amulet)
HPRegen 1.04/turn                (no ring)
MPRegen 0.10/turn                (no ring)

@: glowing
A: fangs 2, regeneration 1, magic shield, antimagic bite, no potion heal 2
a: no special abilities


You were on level 3 of the Dungeon.
You visited 1 branch of the dungeon, and saw 3 of its levels.

You collected 133 gold pieces.

Inventory:

Hand Weapons
 a - a +0 hand axe (weapon)
 g - a +0 whip
 n - a +0 hand axe
 s - a +2 short sword of holy wrath
Missiles
 h - 18 stones (quivered)
Armour
 b - a +0 robe
 d - an orb of light (worn)
 j - a +0 ring mail (worn)
 r - a +0 leather armour
Jewellery
 q - a ring of protection from cold
Scrolls
 e - a scroll of teleportation {unknown}
 i - 2 scrolls of identify {unknown}
 k - a scroll of enchant armour {unknown}
 p - a scroll of fog {unknown}
 t - a scroll of immolation {unknown}
 u - a scroll of enchant weapon {unknown}
 v - a scroll of amnesia {unknown}
Potions
 c - a potion of ambrosia
 f - a potion of mutation {unknown}
 l - a potion of magic {unknown}
 m - a potion of lignification {unknown}
 o - a potion of degeneration {unknown}


   Skills:
 + Level 3.4 Fighting
 + Level 4.1 Axes
 + Level 0.4 Armour
 + Level 3.0 Dodging


You had 4 spell levels left.
You didn't know any spells.
Your spell library contained the following spells:

 Spells                   Type           Power      Damage    Failure   Level
 Portal Projectile        Hex/Tloc       0%         N/A       92%         3
 Tukima's Dance           Hex            0%         N/A       92%         3
 Blade Hands              Tmut           0%         N/A       100%        5


Dungeon Overview and Level Annotations

Branches:
Dungeon (3/15)

Altars:


Innate Abilities, Weirdness & Mutations

You have extremely sharp teeth.
Your natural rate of healing is unusually fast.
When hurt, damage is shared between your health and your magic reserves.
Your bite disrupts and absorbs the magic of your enemies.
Potions cannot restore your health.


Message History

You hit the giant cockroach but do no damage.
The giant cockroach is almost dead.
The giant cockroach bites you but does no damage.
You hit the giant cockroach but do no damage.
You bite the giant cockroach.
You kill the giant cockroach!
No target in view!
You now have 133 gold pieces (gained 10).
v - a scroll labelled DOTOAD BESA A gnoll comes into view.
It is wielding a +0 spear.
The gnoll shouts!
You hear a shout!
The gnoll moves out of view.
A gnoll comes into view. It is wielding a +0 club.
A gnoll is nearby!
A gnoll comes into view. It is wielding a +0 halberd.
You hit the gnoll. You bite the gnoll. You drain its power.
The gnoll is moderately wounded.
The gnoll hits you with a +0 club.
The gnoll hits you from afar with a +0 spear. x2
The gnoll hits you with a +0 club.
A gnoll comes into view. It is wielding a +0 club.
You hit the gnoll. You bite the gnoll.
You kill the gnoll!
The gnoll barely misses you.
Your Axes skill increases to level 4!
You have reached level 5!
The gnoll hits you with a +0 halberd!
You hit the gnoll. You bite the gnoll, but do no damage.
The gnoll is lightly wounded.
The gnoll hits you from afar with a +0 spear.
The gnoll hits you with a +0 halberd.
* * * LOW HITPOINT WARNING * * *
You barely miss the gnoll.
The gnoll is lightly wounded.
The gnoll hits you but does no damage. The gnoll hits you with a +0 halberd.
* * * LOW HITPOINT WARNING * * *
You hit the gnoll.
The gnoll is heavily wounded.
The gnoll barely misses you. The gnoll hits you with a +0 halberd!
You die...

#### .#...##..########.##..#.#
...##..##.##......#.<#.....#.#
...### ....#...##.#..........#
...# ....#....#.#.#####.####
...# ...#.#.#..#[.....##.#
...# #.#. .#.#..#......##.#
...###... ..#..#......##.#
.....# ...#.####......##.#
.....# #...ggg@......##.#
.....# #....####....[##.#
.....#. ..... ......##.#
.##...# .... #.....###.#
.##.#.# #.. ######.###.#
......# .. #..........#
......###.. #..........#
.......... #..........#
....†.##########........>.#


You could see 3 gnolls.

Vanquished Creatures
  3 gnolls
  2 adders (D:3)
  A worm (D:2)
  3 dart slugs
  6 bats
  8 endoplasms
  3 giant cockroaches
  6 goblins
  6 hobgoblins
  5 jackals
  3 kobolds
  3 quokkas
  4 ball pythons
  3 frilled lizards
  7 rats
63 creatures vanquished.

Vanquished Creatures (others)
  3 plants (D:1)
3 creatures vanquished.

Grand Total: 66 creatures vanquished

Notes
Turn   | Place    | Note
-------+----------+-------------------------------------------
     0 | D:1      | jimonade the Vine Stalker Monk began the quest for the Orb.
     0 | D:1      | Reached XP level 1. HP: 11/11 MP: 2/2
    85 | D:1      | Reached XP level 2. HP: 11/16 MP: 1/3
   167 | D:1      | Reached skill level 3 in Axes
   218 | D:1      | Reached XP level 3. HP: 19/20 MP: 4/4
   854 | D:2      | Gained mutation: Your natural rate of healing is unusually
                  | fast. [Vine Stalker growth]
   854 | D:2      | Reached XP level 4. HP: 24/24 MP: 5/5
  1618 | D:3      | Noticed a black bear
  1811 | D:3      | Reached skill level 4 in Axes
  1811 | D:3      | Reached XP level 5. HP: 16/28 MP: 1/6
  1816 | D:3      | Slain by a gnoll

Illustrated notes

Levels and vault maps discovered:
D:1:      lightli_arrival_windingriver, layout_rooms, minmay_statues_item,
          serial_bayou_lake_a
D:2:      layout_loops_ring
D:3:      layout_basic, due_unseen_surprise

Skill      XL: |  1  2  3  4 |
---------------+-------------+-----
Fighting       | 3 |  3.4
Axes           | 3 4 |  4.1
Dodging        | 3 |  3.0
Armour         | |  0.4

Action                     |  1- 3 |  4- 6 || total
---------------------------+-------+-------++-------
  Melee: Hand axe          |    77 |    79 ||   156
         Bite              |    25 |    20 ||    45
 Armour: Robe              |     6 |       ||     6
         Ring mail         |     2 |    26 ||    28
  Dodge: Dodged            |    48 |    43 ||    91

Table legend: (Time is in decaauts)
 A = Elapsed time spent in this place.
 B = Non-inter-level travel time spent in this place.
 C = Inter-level travel time spent in this place.
 D = Time resting spent in this place.
 E = Time spent auto-exploring this place.
 F = Levels seen in this place.
 G = Mean time per level.
                   A        B        C        D        E       F      G
               +--------+--------+--------+--------+--------+-----+--------+
         Total |   1874 |   1824 |     50 |     80 |   1302 |   3 |  624.7 |
       Dungeon |   1874 |   1824 |     50 |     80 |   1302 |   3 |  624.7 |
               +--------+--------+--------+--------+--------+-----+--------+

Top non-repeatable levels by time:
     D:1: 819 daAuts
     D:2: 629 daAuts
     D:3: 425 daAuts
